 Dungeon Crawl Stone Soup version 0.26-a0-27-g1f0226971c (webtiles) character file.

Game seed: 4888070955735795987, levelgen mode: deterministic

203260 MisterFreud the Peltast (level 18, -9/126 HPs)
             Began as an Octopode Gladiator on May 27, 2020.
             Was a High Priest of Cheibriados.
             Engulfed by a cloud of freezing vapour (21 damage)
             ... on level 4 of the Swamp.
             The game lasted 01:31:06 (38935 turns).

MisterFreud the Peltast (Octopode Gladiator)       Turns: 38935, Time: 01:31:06

Health: -9/126     AC: 13    Str: 36    XL:     18   Next: 61%
Magic:  17/28      EV: 33    Int: 30    God:    Cheibriados [*****.]
Gold:   1277       SH: 18    Dex: 40    Spells: 19/30 levels left

rFire    + . .     SeeInvis +   j - +11 long sword "Suokhlal" {freeze, SInv}
rCold    . . .     Gourm    .   E - +0 kite shield "Anileer" {MR+ Dex+5}
rNeg     . . .     Faith    +   b - +0 hat
rPois    +         Spirit   .   T - amulet "Huenied" {Faith Slay+3}
rElec    .         Reflect  .   k - +6 ring of strength
rCorr    .         Harm     .   y - ring of protection from magic
MR       +++++                  B - +4 ring of protection
Stlth    +++++.....             F - +6 ring of dexterity
HPRegen  0.31/turn              i - ring of wizardry
MPRegen  0.21/turn              J - ring of protection from magic
                                L - ring "Nomat" {rPois rF+ Str+2}
                                X - ring of protection from magic

@: icy armour, studying Stealth, very slow
A: almost no armour, stealthy swim, amphibious, 8 rings, constrict 8, camouflage
1, gelatinous body 1
}: 1/15 runes: gossamer
a: Bend Time, Temporal Distortion, Slouch, Step From Time, Renounce Religion


You were on level 4 of the Swamp.
You worshipped Cheibriados.
Cheibriados was extremely pleased with you.
You were not hungry.

You visited 6 branches of the dungeon, and saw 32 of its levels.
You also visited: Gauntlet and Volcano.

You collected 3421 gold pieces.
You spent 2144 gold pieces at shops.

Inventory:

Hand Weapons
 j - the +11 long sword "Suokhlal" (weapon) {freeze, SInv}
   (You found it in a volcano)

   It has been specially enchanted to freeze those struck by it, causing extra
   injury to most foes and up to half again as much damage against particularly
   susceptible opponents.
   It can also slow down cold-blooded creatures.
   It lets you see invisible.
Missiles
 c - 3 throwing nets
 v - 14 silver javelins (quivered)
Armour
 b - a +0 hat (worn)
 E - the +0 kite shield "Anileer" (worn) {MR+ Dex+5}
   (You found it on level 6 of the Dungeon)

   It affects your dexterity (+5).
   It affects your resistance to hostile enchantments.
Jewellery
 i - a ring of wizardry (on tentacle)
 k - a +6 ring of strength (left tentacle)
 n - an uncursed ring of positive energy
 y - a ring of protection from magic (right tentacle)
 B - a +4 ring of protection (on tentacle)
 F - a +6 ring of dexterity (on tentacle)
 J - a ring of protection from magic (on tentacle)
 L - the ring "Nomat" (on tentacle) {rPois rF+ Str+2}
   (You found it in a Gauntlet)

   [ring of poison resistance]

   It affects your strength (+2).
   It protects you from fire.
   It protects you from poison.
 Q - an uncursed ring of positive energy
 T - the amulet "Huenied" (around mantle) {Faith Slay+3}
   (You found it in a Gauntlet)

   [amulet of faith]

   It allows you to gain divine favour quickly.
   It affects your accuracy and damage with ranged weapons and melee attacks
   (+3).
 X - a ring of protection from magic (on tentacle)
Wands
 h - a wand of clouds (14)
 q - a wand of iceblast (12)
 C - a wand of flame (4)
 K - a wand of disintegration (3)
 R - a wand of paralysis (26)
 W - a wand of digging (6)
Scrolls
 a - a scroll of holy word
 e - 17 scrolls of teleportation
 g - 6 scrolls of magic mapping
 m - 5 scrolls of fog
 o - 9 scrolls of enchant weapon
 s - 7 scrolls of identify
 t - 4 scrolls of blinking
 x - 5 scrolls of enchant armour
 H - 6 scrolls of amnesia
 N - a scroll of fear
 V - a scroll of summoning
Potions
 f - 2 potions of magic
 r - 6 potions of brilliance
 u - 3 potions of mutation
 z - 7 potions of lignification
 A - 7 potions of curing
 D - 8 potions of ambrosia
 G - a potion of cancellation
 I - a potion of invisibility
 M - 2 potions of heal wounds
 U - 3 potions of might
 Z - a potion of resistance
Books
 O - a manual of Stealth
Miscellaneous
 l - a phantom mirror
 p - a lightning rod (4/4)
 Y - a tin of tremorstones (2/3)
Comestibles
 d - 43 rations


   Skills:
 - Level 12.0 Fighting
 - Level 14.0 Long Blades
 - Level 2.0 Throwing
 - Level 15.0 Dodging
 - Level 15.0 Shields
 + Level 6.9 Spellcasting
 - Level 5.0 Charms
 - Level 3.0 Translocations
 + Level 2.7 Transmutations
 - Level 5.0 Ice Magic
 + Level 2.8 Earth Magic
 - Level 12.0 Invocations
 - Level 10.0 Evocations


You had 19 spell levels left.
You knew the following spells:

 Your Spells              Type           Power        Failure   Level  Hunger
a - Blink                 Tloc           N/A          1%          2    None
b - Ozocubu's Armour      Chrm/Ice       #####...     1%          3    None
c - Statue Form           Tmut/Erth      ####.....    65%         6    ######.

Your spell library contained the following spells:

 Spells                   Type           Power        Failure   Level  Hunger
 Corona                   Hex            ##.....      1%          1    None
 Freeze                   Ice            ####         1%          1    None
 Magic Dart               Conj           ##..         1%          1    None
 Sting                    Tmut/Pois      ###.         1%          1    None
 Passwall                 Tmut/Erth      ####....     1%          2    None
 Swiftness                Chrm/Air       ####....     1%          2    None
 Frozen Ramparts          Ice            #####.       1%          3    None
 Call Imp                 Summ           ##......     3%          2    None
 Poisonous Vapours        Pois/Air       ##....       3%          2    None
 Slow                     Hex            ##......     3%          2    None
 Portal Projectile        Hex/Tloc       ###...       3%          3    None
 Stone Arrow              Conj/Erth      ###...       3%          3    None
 Ignite Poison            Fire/Tmut/Pois ###.....     4%          3    None
 Conjure Flame            Conj/Fire      ##......     6%          3    None
 Inner Flame              Hex/Fire       ##......     6%          3    None
 Mephitic Cloud           Conj/Pois/Air  ##......     6%          3    None
 Static Discharge         Conj/Air       ##......     6%          3    None
 Passage of Golubria      Tloc           N/A          6%          4    ##.....
 Petrify                  Tmut/Erth      ####....     6%          4    ##.....
 Hailstorm                Conj/Ice       ####....     7%          4    ##.....
 Summon Ice Beast         Ice/Summ       ####....     7%          4    ##.....
 Leda's Liquefaction      Hex/Erth       ###.......   11%         4    ##.....
 Lee's Rapid Deconstruct  Erth           ####......   16%         5    ####...
 Cause Fear               Hex            ##........   19%         4    ##.....
 Olgreb's Toxic Radiance  Pois           ##......     19%         4    ##.....
 Summon Lightning Spire   Summ/Air       ##......     19%         4    ##.....
 Irradiate                Conj/Tmut      ###.......   28%         5    ####...
 Lightning Bolt           Conj/Air       ##........   45%         5    ####...
 Silence                  Hex/Air        ##........   45%         5    ####...
 Hydra Form               Tmut           ####......   65%         6    ######.
 Iron Shot                Conj/Erth      ###.......   82%         6    ######.
 Darkness                 Hex            ##........   95%         6    ######.
 Invisibility             Hex            ##......     95%         6    ######.
 Dragon Form              Tmut           ####......   99%         7    #######
 Haunt                    Necr/Summ      ##........   100%        7    #######
 Borgnjor's Revivificati  Necr           ##........   100%        8    #######
 Death's Door             Chrm/Necr      ####......   100%        8    #######
 Ignition                 Fire           ##........   100%        8    #######
 Infestation              Necr           ##........   100%        8    #######
 Necromutation            Tmut/Necr      ###.......   100%        8    #######
 Dragon's Call            Summ           ##........   100%        9    #######
 Shatter                  Erth           ####......   100%        9    #######
 Tornado                  Air            ##........   100%        9    #######


Dungeon Overview and Level Annotations

Branches:
Dungeon (15/15)            Temple (1/1) D:4            Lair (6/6) D:8
  Swamp (4/4) Lair:3       Spider (4/4) Lair:3        Slime (0/5) Lair:5
    Orc (2/2) D:10            Elf (0/3) Orc:2        Vaults (0/5) D:13
 Depths (0/5) D:15        Volcano (visited)         Gauntlet (visited)

Altars:
Ashenzari
Cheibriados
Dithmenos
Elyvilon
Fedhas
Gozag
Hepliaklqana
Kikubaaqudgha
Makhleb
Nemelex Xobeh
Okawaru
Qazlal
Ru
Sif Muna
Trog
Uskayaw
Vehumet
Wu Jian
Xom
Yredelemnul
Zin
The Shining One
Beogh
Jiyva

Shops:
D:5 [   D:6 }   D:13 (   D:14 (   D:15 !(:!%   Orc:2 }((*


Innate Abilities, Weirdness & Mutations

You cannot wear most types of armour.
You are very stealthy in the water. (Stealth+)
You are amphibious.
You can wear up to eight rings at the same time.
You can use your tentacles to constrict eight enemies at once.
Your skin changes colour to match your surroundings (Stealth+).
Your rubbery body absorbs attacks. (AC +1, EV +1)


Message History

You barely miss the ice dragon.
The ice dragon is severely wounded.
You are engulfed in freezing vapours.
* * * LOW HITPOINT WARNING * * *
Unknown command.
You can feel time thicken for a moment.
You feel somewhat more hungry.
You are engulfed in freezing vapours.
* * * LOW HITPOINT WARNING * * *
The ice dragon closely misses you. You block the ice dragon's attack.
The ice dragon misses you.
Unknown command.
You can feel time thicken for a moment.
You kill the ice dragon!
Cheibriados appreciates the change of pace.
You hear a splash.
The ice dragon scales are intact enough to wear.
You feel somewhat more hungry.
Cheibriados lowers the support of your attributes as your movement quickens.
You are engulfed in freezing vapours.
You die...

♣♣.≈♣ ≈≈.♣
♣♣?♣♣.≈≈≈≈.≈.≈.. ≈.≈♣
♣.≈≈≈.≈..≈≈≈.≈§. ..≈♣
♣♣...≈.≈.≈..≈..≈. ..♣♣
♣ ♣.§..≈.....≈%≈...≈
.♣♣
♣♣.♣♣.≈≈♣≈.......≈.§.
≈.♣
♣....≈≈≈.≈.≈.≈......§.
≈.♣
♣≈..≈..≈≈..≈.≈..≈.≈..(
≈♣♣
♣.°@[.÷Z.≈.......≈.
♣♣♣♣♣
♣♣≈...Z.≈≈...≈..≈(≈
♣♣..♣
♣≈≈≈.≈.≈.≈........
..≈.♣
♣≈...≈≈≈≈≈.♣.......
.≈≈.♣
♣♣§♣...≈..≈.♣...≈..
≈≈≈.♣
♣♣♣♣...≈≈..≈≈.[..≈
≈≈≈§♣ ♣..≈≈≈..≈≈.≈.≈≈.
≈≈≈≈♣♣♣♣♣
♣♣.♣.≈.≈..≈.....
.......≈♣
♣♣♣.≈≈.♣♣≈♣.≈..


You could see a five-headed hydra simulacrum and a four-headed hydra simulacrum.

Vanquished Creatures
  Jorgrun (D:15)
  A tentacled monstrosity (Swamp:4)
  Rupert (Lair:5)
  Frances (D:13)
  Roxanne (Swamp:4)
  Donald (Orc:2)
  An azure jelly (Swamp:4)
  5 emperor scorpions
  4 ghost moths
  A very ugly thing (D:15)
  4 entropy weavers
  Nessos (Orc:2)
  A red draconian (Volcano)
  A spark wasp (Spider:4)
  A minotaur (Gauntlet)
  2 fire dragons (D:15)
  A great orb of eyes (Gauntlet)
  14 hydras
  An ice dragon (Swamp:4)
  2 shambling mangroves
  4 vault guards (D:13)
  A catoblepas (Lair:6)
  A death knight (D:12)
  10 two-headed ogres
  3 centaur warriors
  5 ghost crabs
  A queen ant (Lair:5)
  An ogre mage (D:15)
  7 alligators
  An orc high priest (Orc:1)
  Urug (Lair:6)
  A deep elf knight (D:13)
  4 skeletal warriors (D:15)
  2 spriggan druids
  5 swamp dragons
  3 unseen horrors
  2 wizards
  A phantasmal warrior (D:12)
  A necromancer (Lair:5)
  A harpy (shapeshifter) (D:13)
  5 oklob plants
  2 orc knights
  12 orb spiders
  26 wolf spiders
  7 ugly things
  A deep elf mage (D:14)
  2 cyclopes (D:13)
  10 orc sorcerers
  2 moths of wrath
  Maurice (D:13)
  5 centaur zombies
  2 black mambas
  2 molten gargoyles (Volcano)
  4 centaur skeletons
  A gargoyle (D:13)
  An eye of devastation (Gauntlet)
  16 spiny frogs
  7 torpor snails
  2 rime drakes
  16 demonic crawlers
  A kobold demonologist (D:13)
  A tengu conjurer (D:13)
  8 komodo dragons
  5 freezing wraiths
  A yaktaur (shapeshifter) (D:15)
  A yaktaur (Volcano)
  7 trolls
  9 tyrant leeches
  20 hornets
  6 polar bears (Lair:6)
  33 jumping spiders
  Grinder (D:4)
  12 blink frogs
  5 bog bodies
  10 hippogriffs
  16 slime creatures
  A dream sheep (Lair:6)
  2 shadows
  18 spriggans
  Sigmund (D:3)
  A wyvern (Lair:3)
  16 tarantellas
  3 basilisks
  A hog (Spider:1)
  70 redbacks
  27 yaks
  2 fire bats (Volcano)
  A vampire (D:14)
  6 wraiths
  A golden eye (Gauntlet)
  A steam dragon (D:14)
  4 swamp worm simulacra (Swamp:4)
  19 vampire mosquitoes
  26 insubstantial wisps
  Edmund (D:6)
  13 swamp worms
  4 acid dragons (D:14)
  16 soldier ants (Lair:5)
  10 water moccasins
  9 wargs
  Duvessa (D:4)
  A water moccasin (shapeshifter) (Spider:1)
  A floating eye (Gauntlet)
  11 porcupines
  3 swamp drakes
  4 hydra simulacra (Swamp:4)
  7 black bears
  A hornet zombie (D:7)
  4 phantoms
  28 orc warriors
  An elephant zombie (Lair:5)
  2 eyes of draining
  3 ice beasts
  5 sky beasts
  2 necrophages
  4 boggarts (Lair:6)
  23 wolves
  10 centaurs
  12 ogres
  14 crocodiles
  2 elf zombies (D:9)
  A komodo dragon zombie (Lair:5)
  18 bullfrogs
  A wyvern zombie (D:13)
  Dowan (D:4)
  A water moccasin zombie (D:9)
  A wyvern skeleton (D:13)
  4 scorpions
  A water moccasin skeleton (D:9)
  4 wights (D:13)
  17 killer bees
  4 electric eels
  5 howler monkeys
  11 crimson imps
  3 hounds
  3 lava snakes (Volcano)
  3 quasits
  4 bullfrog skeletons
  2 bullfrog zombies (D:9)
  A basilisk zombie (Lair:5)
  7 human zombies (D:9)
  Crazy Yiuf (D:7)
  20 orc priests
  5 jellies
  A human skeleton (D:9)
  5 iguanas
  39 orc wizards
  25 worker ants
  A hound zombie (D:8)
  2 hound skeletons
  A howler monkey zombie (D:7)
  2 worker ant zombies
  6 gnolls
  15 adders
  6 shadow imps
  An ooze (D:1)
  4 swamp drake simulacra (Swamp:4)
  An adder zombie (D:8)
  An adder skeleton (D:9)
  3 worms
  2 dart slugs (D:1)
  8 leopard geckos
  125 orcs
  9 bats
  7 giant cockroaches
  4 goblins
  8 hobgoblins
  21 jackals
  5 kobolds
  A quokka (D:12)
  3 ball pythons
  5 frilled lizards
  A quokka skeleton (D:6)
  11 rats
  A plant (Lair:6)
1194 creatures vanquished.

Vanquished Creatures (collateral kills)
  A hornet (Swamp:3)
1 creature vanquished.

Vanquished Creatures (others)
  A thorn hunter (Swamp:4)
  An alligator (Swamp:4)
  A spiny frog (Swamp:4)
  An orc (Orc:2)
  12 fungi
  3 plants
19 creatures vanquished.

Grand Total: 1214 creatures vanquished

Notes
Turn   | Place    | Note
-------+----------+-------------------------------------------
     0 | D:1      | MisterFreud the Octopode Gladiator began the quest for the
                  | Orb.
     0 | D:1      | Reached XP level 1. HP: 14/14 MP: 1/1
    59 | D:1      | Reached XP level 2. HP: 15/20 MP: 2/2
   553 | D:1      | Reached XP level 3. HP: 26/26 MP: 3/3
  1411 | D:2      | Reached XP level 4. HP: 30/33 MP: 4/4
  1762 | D:2      | Found a shattered altar of Ashenzari.
  2399 | D:2      | Noticed a moth of wrath
  2401 | D:2      | Found a bloodstained altar of Trog.
  2689 | D:3      | Reached XP level 5. HP: 37/37 MP: 5/5
  2852 | D:3      | Noticed Sigmund
  2857 | D:3      | Killed Sigmund
  2857 | D:3      | Reached skill level 5 in Long Blades
  2857 | D:3      | Reached XP level 6. HP: 43/43 MP: 6/6
  4138 | D:4      | Found a sacrificial altar of Ru.
  4177 | D:4      | Reached XP level 7. HP: 48/48 MP: 7/7
  4486 | D:4      | Found a hide-covered altar of Uskayaw.
  4586 | D:4      | Reached skill level 5 in Dodging
  4816 | D:4      | Noticed Grinder
  4827 | D:4      | Killed Grinder
  5089 | D:4      | Noticed Duvessa
  5092 | D:4      | Noticed Dowan
  5110 | D:4      | Killed Duvessa
  5114 | D:4      | Reached XP level 8. HP: 37/54 MP: 8/8
  5120 | D:4      | Killed Dowan
  5283 | D:4      | Found a staircase to the Ecumenical Temple.
  5290 | Temple   | Entered the Ecumenical Temple
  5393 | Temple   | Became a worshipper of Cheibriados the Contemplative
  5610 | D:5      | Entered Level 5 of the Dungeon
  5651 | D:5      | Found Voeheoph's Armour Emporium.
  6577 | D:6      | Noticed Edmund
  6592 | D:6      | Killed Edmund
  6815 | D:6      | Found Qommunir's Gadget Shoppe.
  6826 | D:6      | Bought a wand of clouds (6) for 300 gold pieces
  6844 | D:6      | Reached * piety under Cheibriados
  6853 | D:6      | Noticed a hippogriff
  6862 | D:6      | Killed a hippogriff
  7058 | D:6      | Reached XP level 9. HP: 56/58 MP: 10/10
  7078 | D:6      | Got a jewelled kite shield
  7084 | D:6      | Identified the cursed +0 kite shield "Anileer" {MR+ Dex+5}
                  | (You found it on level 6 of the Dungeon)
  7279 | D:6      | Reached skill level 1 in Shields
  7938 | D:7      | Reached ** piety under Cheibriados
  8086 | D:7      | Found a runed translucent door.
  8087 | D:7      | Noticed Crazy Yiuf
  8095 | D:7      | Killed Crazy Yiuf
  8340 | D:7      | Reached skill level 5 in Evocations
  8879 | D:8      | Reached XP level 10. HP: 52/63 MP: 13/13
  8977 | D:8      | Reached skill level 5 in Shields
  9018 | D:8      | Reached *** piety under Cheibriados
  9094 | D:8      | Found an iron altar of Okawaru.
  9145 | D:8      | Reached skill level 1 in Invocations
  9371 | D:8      | Found a staircase to the Lair.
  9722 | D:9      | Reached **** piety under Cheibriados
  9765 | D:9      | Reached skill level 10 in Long Blades
  9975 | D:9      | Found a basalt altar of Yredelemnul.
 10027 | D:9      | Reached skill level 5 in Invocations
 10106 | D:9      | Reached ***** piety under Cheibriados
 10197 | D:9      | Found a radiant altar of Vehumet.
 10637 | D:9      | Found a glowing silver altar of Zin.
 10728 | D:10     | Entered Level 10 of the Dungeon
 10739 | D:10     | Reached XP level 11. HP: 69/69 MP: 15/15
 10906 | D:10     | Found a staircase to the Orcish Mines.
 10949 | D:10     | Paralysed by a hornet for 3 turns
 11268 | D:10     | Noticed a two-headed ogre
 11279 | D:10     | Killed a two-headed ogre
 12301 | D:11     | Noticed a two-headed ogre
 12308 | D:11     | Killed a two-headed ogre
 12308 | D:11     | Reached skill level 10 in Shields
 12453 | D:11     | Noticed a two-headed ogre
 12459 | D:11     | Killed a two-headed ogre
 12476 | D:11     | Reached skill level 5 in Fighting
 12712 | D:11     | Killed an unseen horror
 13133 | D:11     | Found a roughly hewn altar of Beogh.
 13155 | D:11     | Reached XP level 12. HP: 72/78 MP: 16/16
 13788 | D:12     | Noticed a death knight
 13934 | D:12     | Killed a death knight
 14215 | D:12     | Reached ****** piety under Cheibriados
 14497 | D:12     | Noticed a two-headed ogre
 14503 | D:12     | Killed a two-headed ogre
 15135 | D:13     | Found Movu's Weapon Shop.
 15150 | D:13     | Noticed Maurice
 15156 | D:13     | Killed Maurice
 15184 | D:13     | Noticed a two-headed ogre
 15196 | D:13     | Killed a two-headed ogre
 15422 | D:13     | Found a roughly hewn altar of Beogh.
 15963 | D:13     | Noticed a vault guard
 15964 | D:13     | Noticed a deep elf knight
 15971 | D:13     | Killed a deep elf knight
 15971 | D:13     | Reached XP level 13. HP: 83/83 MP: 17/17
 15976 | D:13     | Killed a vault guard
 15983 | D:13     | Noticed a vault guard
 15994 | D:13     | Killed a vault guard
 16269 | D:13     | Found a gate to the Vaults.
 16269 | D:13     | Noticed a vault guard
 16269 | D:13     | Noticed a vault guard
 16280 | D:13     | Killed a vault guard
 16283 | D:13     | Killed a vault guard
 17008 | D:13     | Noticed Frances
 17016 | D:13     | Killed Frances
 17245 | Lair:1   | Entered Level 1 of the Lair of Beasts
 17385 | Lair:1   | Found a dark tunnel.
 17392 | Volcano  | Entered a volcano
 17638 | Volcano  | Found a bloodstained altar of Trog.
 17730 | Volcano  | Got a pitted long sword
 17731 | Volcano  | Identified the +11 long sword "Suokhlal" {freeze, SInv}
                  | (You found it in a volcano)
 17764 | Volcano  | Noticed a red draconian
 17772 | Volcano  | Killed a red draconian
 18607 | Lair:2   | Reached XP level 14. HP: 90/90 MP: 18/18
 18756 | Lair:2   | Reached skill level 15 in Shields
 19625 | Orc:1    | Entered Level 1 of the Orcish Mines
 19993 | Orc:2    | Entered Level 2 of the Orcish Mines
 19993 | Orc:2    | Noticed Donald
 20000 | Orc:2    | Killed Donald
 20077 | Orc:2    | Noticed Nessos
 20101 | Orc:2    | Killed Nessos
 20350 | Orc:2    | Reached skill level 10 in Dodging
 20536 | Orc:2    | Found a roughly hewn altar of Beogh.
 20546 | Orc:2    | Found a staircase to the Elven Halls.
 20571 | Orc:2    | Found a roughly hewn altar of Beogh.
 21086 | Orc:2    | Found Duugg's Gadget Shop.
 21086 | Orc:2    | Found Ettex's Weapon Shoppe.
 21163 | Orc:2    | Found Fawkuw's Weapon Shop.
 21163 | Orc:2    | Found Azairr's Assorted Antiques.
 21230 | Orc:2    | Bought a fizzy blue potion for 26 gold pieces
 21858 | D:14     | Identified the Incunabulum of Supportive Weightlessness
 22231 | D:14     | Found Plog's Weapon Shop.
 22480 | D:15     | Entered Level 15 of the Dungeon
 22515 | D:15     | Found Miet's Antique Weapon Shop.
 22579 | D:15     | Noticed Jorgrun
 22591 | D:15     | Killed Jorgrun
 22696 | D:15     | Reached XP level 15. HP: 94/94 MP: 19/19
 23044 | D:15     | Found Huwniu Daod's Food Shop.
 23067 | D:15     | Found Rifovuvo's Distillery.
 23094 | D:15     | Bought a potion of heal wounds for 90 gold pieces
 23094 | D:15     | Bought a potion of heal wounds for 90 gold pieces
 23272 | D:15     | Found Nuat's Distillery.
 23276 | D:15     | Bought a potion of might for 56 gold pieces
 23276 | D:15     | Bought a potion of heal wounds for 70 gold pieces
 23276 | D:15     | Bought a potion of magic for 112 gold pieces
 23297 | D:15     | Found Moicvezo's Book Shoppe.
 23317 | D:15     | Bought a book of Minor Magic for 380 gold pieces
 23320 | D:15     | Learned a level 2 spell: Blink
 23390 | D:15     | Reached skill level 1 in Spellcasting
 23448 | D:15     | Found a staircase to the Depths.
 24197 | Orc:2    | Bought a wand of iceblast (11) for 180 gold pieces
 24197 | Orc:2    | Bought a box of beasts for 240 gold pieces
 24197 | Orc:2    | Bought a wand of disintegration (6) for 120 gold pieces
 24197 | Orc:2    | Bought a lightning rod (4/4) for 480 gold pieces
 24633 | Lair:3   | Found a staircase to the Swamp.
 24918 | Lair:3   | Found a hole to the Spider Nest.
 26126 | Lair:5   | Found a gate leading to a gauntlet.
 26141 | Gauntlet | Entered a Gauntlet
 26141 | Gauntlet | Found a transporter.
 26147 | Gauntlet | Found a transporter.
 26166 | Gauntlet | Found a transporter.
 26180 | Gauntlet | Got a clouded pewter ring
 26181 | Gauntlet | Identified the ring "Nomat" {rPois rF+ Str+2} (You found it
                  | in a Gauntlet)
 26189 | Gauntlet | Found a transporter.
 26235 | Gauntlet | Found a transporter.
 26238 | Gauntlet | Found a transporter.
 26241 | Gauntlet | Found a transporter.
 26282 | Gauntlet | Found a transporter.
 26300 | Gauntlet | Found a transporter.
 26312 | Gauntlet | Got a coiled ruby amulet
 26313 | Gauntlet | Identified the amulet "Huenied" {Faith Slay+3} (You found
                  | it in a Gauntlet)
 26515 | Lair:5   | Reached skill level 15 in Dodging
 26705 | Lair:5   | Reached skill level 5 in Spellcasting
 26733 | Lair:5   | Reached skill level 1 in Translocations
 26741 | Lair:5   | Reached XP level 16. HP: 24/99 MP: 19/25
 27255 | Lair:5   | Found a staircase to the Slime Pits.
 27256 | Lair:5   | Found a viscous altar of Jiyva.
 27337 | Lair:5   | Noticed Rupert
 27347 | Lair:5   | Killed Rupert
 27836 | Lair:6   | Entered Level 6 of the Lair of Beasts
 28885 | Lair:6   | Noticed Urug
 28896 | Lair:6   | Killed Urug
 29386 | Lair:6   | Reached skill level 10 in Fighting
 29908 | Spider:1 | Entered Level 1 of the Spider Nest
 30024 | Spider:1 | HP: 2/110 [tarantella (18)]
 32029 | Spider:3 | Reached XP level 17. HP: 102/117 MP: 20/26
 33027 | Spider:4 | Entered Level 4 of the Spider Nest
 33737 | Spider:4 | Reached skill level 10 in Invocations
 33963 | Spider:4 | Reached skill level 10 in Evocations
 34723 | Spider:4 | Got a gossamer rune of Zot
 34979 | Swamp:1  | Entered Level 1 of the Swamp
 35030 | Swamp:1  | HP: 3/119 [shambling mangrove (21)]
 36263 | Swamp:2  | Reached XP level 18. HP: 105/126 MP: 27/27
 36275 | Swamp:2  | Learned a level 3 spell: Ozocubu's Armour
 36479 | Swamp:2  | Reached skill level 1 in Charms
 36479 | Swamp:2  | Reached skill level 1 in Ice Magic
 37998 | Swamp:4  | Entered Level 4 of the Swamp
 37998 | Swamp:4  | Noticed a tentacled monstrosity
 38005 | Swamp:4  | Killed a tentacled monstrosity
 38100 | Swamp:4  | Identified Roxanne's Handbook of Terra Cotta
 38100 | Swamp:4  | Noticed Roxanne
 38120 | Swamp:4  | Killed Roxanne
 38120 | Swamp:4  | Reached skill level 5 in Charms
 38120 | Swamp:4  | Reached skill level 5 in Ice Magic
 38130 | Swamp:4  | Learned a level 6 spell: Statue Form
 38270 | Swamp:4  | Reached skill level 1 in Transmutations
 38270 | Swamp:4  | Reached skill level 1 in Earth Magic
 38935 | Swamp:4  | Engulfed by a cloud of freezing vapour

Illustrated notes

Levels and vault maps discovered:
D:1:      wheals_arrival_shading, layout_loops_ring
D:2:      layout_loops_ring, evilmike_ruin_ashenzari, tgw_trog
D:3:      layout_loops_ring, first_ration, supply_closet_lemuel, uniq_sigmund
D:4:      layout_loops_ring, nicolae_ru_awakened_eye,
          eat_drink_and_be_merry_uskayaw, minmay_temple_entry_hall,
          uniq_grinder, uniq_duvessa
D:5:      layout_gridville, serial_shops,
          nicolae_shop_temple_entry_statues_fountains, kennysheep_nub
D:6:      layout_gridville, serial_shops, nicolae_shop_trees, grunt_tough_drop,
          uniq_edmund
D:7:      layout_gridville, uniq_crazy_yiuf_cottage
D:8:      layout_basic, okawaru_trees_1, grunt_lair_entry_orc_guard_hut
D:9:      layout_irregular_city, fiery_altar_vehumet, kennysheep_little_box,
          lemuel_mausoleum_altar_yredelemnul
D:10:     layout_basic, david_orc_1_choice
D:11:     layout_roguey [special_room_orc], grunt_pizzeria
D:12:     layout_roguey
D:13:     layout_rooms, grunt_vaults_entry_fortified, serial_shops,
          nicolae_shop_stone, special_room [special_room_orc], uniq_frances,
          uniq_maurice
D:14:     layout_basic, hangedman_decor_clover_reticule, serial_shops, shop
D:15:     grunt_enter_depths_hoard, layout_basic, serial_shops, shop,
          nicolae_shop_stone, shop, nicolae_shop_trees, shop,
          palyth_stone_intersect, uniq_jorgrun
Temple:   regret_index_temple_waves
Lair:1:   layout_long_grid, enter_volcano_2, dpeg_stationary_puzzle
Lair:2:   dpeg_oklob_gauntlet, layout_chaotic_city, grunt_megastairs_2,
          infiniplex_staircase_pool
Lair:3:   layout_chaotic_city, minmay_swamp_entry_swarm,
          spider_nest_entry_funnel_web
Lair:4:   layout_regular_city, grunt_megastairs_5, serial_bayou_shore_a,
          infiniplex_staircase_pool_2, lemuel_fruit_fields
Lair:5:   pond_and_an_island_with_a_cottage, layout_long_grid, slime_altar_1,
          gauntlet_entry_generic, zaba_antful_of_joy, lemuel_fruit_fields,
          uniq_rupert
Lair:6:   minmay_lair_end_enchanted_forest, layout_cellular_growth,
          serial_forest, infiniplex_forest_end_double,
          infiniplex_forest_clump_small, infiniplex_forest_lined_3_way,
          infiniplex_forest_clump_diagonal, wad_woods_road_05, uniq_urug
Swamp:1:  layout_falls_marsh, evilmike_swamp_ruin_house_2
Swamp:2:  layout_basic_swamp, evilmike_swamp_ruin_house_3, swamp_pool2
Swamp:3:  layout_basic_swamp, evilmike_swamp_ruin_rubble_2, swamp_pool2
Swamp:4:  swamp_icy, layout_basic_swamp, uniq_roxanne
Spider:1: layout_spider_delve, drop_trap
Spider:2: layout_spider_delve
Spider:3: layout_spider_delve, nicolae_spider_shape
Spider:4: grunt_spider_rune_island
Orc:1:    layout_caves
Orc:2:    st_orc_town, layout_diamond_mine, basic_altar, uniq_nessos,
          uniq_donald

Skill      XL: |  1  2  3  4  5  6  7  8  9 10 11 12 13 14 15 16 17 18 |
---------------+-------------------------------------------------------+-----
Fighting       | 3 4 5 6 11 12 | 12.0
Long Blades    | 4 5 6 7 9 10 12 14 | 14.0
Dodging        | 4 6 8 12 15 | 15.0
Evocations     | 2 5 7 10 | 10.0
Shields        | 4 7 10 12 14 15 | 15.0
Invocations    | 6 7 11 12 | 12.0
Spellcasting   | 6 |  6.9
Translocations | 2 3 |  3.0
Charms         | 5 |  5.0
Ice Magic      | 5 |  5.0
Transmutations | 2 |  2.7
Earth Magic    | 2 |  2.8
Throwing       | |  2.0

Action                   |  1- 3 |  4- 6 |  7- 9 | 10-12 | 13-15 | 16-18 || total
-------------------------+-------+-------+-------+-------+-------+-------++-------
Melee: Long sword        |    58 |   116 |   203 |   352 |   643 |   824 ||  2196
       Constrict         |    17 |    35 |    57 |   126 |   150 |   165 ||   550
       Tentacles         |    11 |    21 |    75 |   257 |   331 |   392 ||  1087
       Falchion          |       |       |     6 |     1 |       |       ||     7
       Scimitar          |       |       |       |   182 |       |       ||   182
Throw: Boomerang         |       |       |    90 |   100 |    35 |       ||   225
       Throwing net      |       |       |       |     1 |       |     1 ||     2
       Javelin           |       |       |       |       |       |     8 ||     8
 Cast: Ozocubu's Armour  |       |       |       |       |       |    13 ||    13
Invok: Slouch            |       |       |       |     6 |     3 |    21 ||    30
Evoke: Wand              |       |       |       |       |    44 |    52 ||    96
       Box of beasts     |       |       |       |       |       |     2 ||     2
       Tin of tremorston |       |       |       |       |       |     2 ||     2
  Use: Potion            |       |     3 |     3 |       |     1 |     7 ||    14
       Scroll            |       |       |     9 |     9 |    10 |     7 ||    35
 Stab: Sleeping          |     8 |    10 |     5 |    22 |    21 |    14 ||    80
       Distracted        |     1 |       |       |     1 |     4 |     6 ||    12
       Invisible         |       |       |       |       |     5 |       ||     5
       Petrified         |       |       |       |       |       |     3 ||     3
       Paralysed         |       |       |       |       |       |     2 ||     2
  Eat: Chunk             |     2 |     7 |    14 |    12 |    19 |    15 ||    69
       Ration            |       |       |       |       |       |     3 ||     3
Armor: Skin              |    11 |    12 |    25 |    26 |    20 |    25 ||   119
Dodge: Dodged            |    44 |    72 |   121 |   209 |   314 |   598 ||  1358
Block: Kite shield       |       |       |    40 |   313 |   427 |   715 ||  1495
       Rpst.: Long sword |    15 |    21 |    39 |    36 |    77 |   106 ||   294
       Falchion          |       |       |     1 |     1 |       |       ||     2
       Scimitar          |       |       |       |    24 |       |       ||    24

Table legend:
 A = Non-vault XP
 B = Vault XP
 C = Vault XP percentage of total XP
 D = Non-vault monster count
 E = Vault monster count
 F = Vault count percentage of total count
                 A         B        C        D         E       F
            +---------+---------+-------+---------+---------+-------
      Total |  186227 |  101924 |  35.4 |     833 |     361 |  30.2
            +---------+---------+-------+---------+---------+-------
        D:1 |      73 |       0 |   0.0 |      32 |       0 |   0.0
        D:2 |      84 |       5 |   5.6 |      27 |       5 |  15.6
        D:3 |      66 |     220 |  76.9 |      18 |       1 |   5.3
        D:4 |     370 |     497 |  57.3 |      23 |       3 |  11.5
        D:5 |     313 |       0 |   0.0 |       9 |       0 |   0.0
        D:6 |     680 |     247 |  26.6 |      16 |       2 |  11.1
        D:7 |    1488 |      41 |   2.7 |      28 |       1 |   3.4
        D:8 |    1675 |     610 |  26.7 |      42 |       5 |  10.6
        D:9 |    1669 |     850 |  33.7 |      38 |      12 |  24.0
       D:10 |    3124 |     422 |  11.9 |      23 |       9 |  28.1
       D:11 |    5433 |    1267 |  18.9 |      29 |      26 |  47.3
       D:12 |    6660 |       0 |   0.0 |      33 |       0 |   0.0
       D:13 |    9692 |   10477 |  51.9 |      38 |      32 |  45.7
       D:14 |    6919 |       0 |   0.0 |      23 |       0 |   0.0
       D:15 |   19198 |    5349 |  21.8 |      37 |       3 |   7.5
     Lair:1 |    3138 |     587 |  15.8 |      11 |       1 |   8.3
     Lair:2 |    1836 |    3956 |  68.3 |      11 |      10 |  47.6
     Lair:3 |    3918 |    3072 |  43.9 |      15 |      13 |  46.4
     Lair:4 |    1413 |    1105 |  43.9 |       6 |       2 |  25.0
     Lair:5 |    2323 |   10452 |  81.8 |      13 |      39 |  75.0
     Lair:6 |   13544 |    9011 |  40.0 |      45 |      47 |  51.1
    Swamp:1 |    8681 |       0 |   0.0 |      19 |       0 |   0.0
    Swamp:2 |    9201 |       0 |   0.0 |      35 |       0 |   0.0
    Swamp:3 |   13579 |       0 |   0.0 |      34 |       0 |   0.0
    Swamp:4 |   14153 |    7938 |  35.9 |      32 |      19 |  37.3
   Spider:1 |   16406 |       0 |   0.0 |      54 |       0 |   0.0
   Spider:2 |    8219 |       0 |   0.0 |      21 |       0 |   0.0
   Spider:3 |   12520 |    3194 |  20.3 |      34 |       8 |  19.0
   Spider:4 |   14904 |   23904 |  61.6 |      46 |      36 |  43.9
      Orc:1 |    3405 |       0 |   0.0 |      24 |       0 |   0.0
      Orc:2 |    1543 |    9736 |  86.3 |      17 |      63 |  78.8
    Volcano |       0 |    4321 | 100.0 |       0 |      13 | 100.0
   Gauntlet |       0 |    4663 | 100.0 |       0 |      11 | 100.0
            +---------+---------+-------+---------+---------+-------
